 Dungeon Crawl Stone Soup version 0.21.0 (webtiles) character file.

66 AgrsvlyMoist the Sneak (level 3, -1/18 HPs)
             Began as a Spriggan Assassin on July 20, 2018.
             Slain by an adder (3 damage)
             ... on level 2 of the Dungeon on July 21, 2018.
             The game lasted 00:16:21 (1507 turns).

AgrsvlyMoist the Sneak (Spriggan Assassin)          Turns: 1507, Time: 00:16:22

Health: -1/18      AC:  3    Str:  7    XL:     3   Next: 96%
Magic:  4/4        EV: 17    Int: 12    God:
Gold:   59         SH:  0    Dex: 18    Spells: 2/2 levels left

rFire    . . .     SeeInvis +   a - +3 dagger
rCold    . . .     Gourm    .   (shield restricted)
rNeg     . . .     Faith    .   c - +0 robe
rPois    .         Spirit   .   (helmet restricted)
rElec    .         Reflect  .   d - +0 cloak
rCorr    .         Harm     .   (gloves unavailable)
MR       .....                  (boots unavailable)
Stlth    ++++......             (no amulet)
HPRegen  0.06/turn              (no ring)
MPRegen  0.09/turn              (no ring)

@: lethally poisoned (-1 -> -3), berserk cooldown, slowed, quick
A: very small, unfitting armour, see invisible, herbivore, speed 3, slow
metabolism 2
a: no special abilities


You were on level 2 of the Dungeon.
You were not hungry.

You visited 1 branch of the dungeon, and saw 2 of its levels.

You collected 59 gold pieces.

Inventory:

Hand Weapons
 a - a +3 dagger (weapon)
 b - a +0 blowgun
 m - a cursed -1 dagger
Missiles
 e - 6 poisoned needles (quivered)
 f - a curare-tipped needle
 h - 35 arrows
Armour
 c - a +0 robe (worn)
 d - a +0 cloak (worn)
 i - a +0 pair of boots
 n - a +0 pair of gloves
 p - a +0 scale mail
Scrolls
 k - a scroll of teleportation {unknown}
 l - 3 scrolls of identify {unknown}
 q - a scroll of remove curse {unknown}
 r - 3 scrolls of fear {unknown}
Potions
 o - 2 potions of ambrosia {unknown}
 s - a potion of haste {unknown}
 t - a potion of brilliance {unknown}
Comestibles
 g - 4 rations


   Skills:
 - Level 1.5 Fighting
 - Level 3.6 Short Blades
 * Level 2.3 Throwing
 - Level 1.5 Dodging
 + Level 7.0 Stealth


You had 2 spell levels left.
You didn't know any spells.

Dungeon Overview and Level Annotations

Branches:
Dungeon (2/15)

Altars:
Ru


Innate Abilities, Weirdness & Mutations

You are very small and have problems with some larger weapons.
You are too small for most types of armour.
You have supernaturally acute eyesight. (SInv)
You are a herbivore.
You cover ground extremely quickly.
You need consume almost no food.


Message History

The hobgoblin shouts!
You feel your anger nearly subside.
You are no longer berserk.
You are exhausted.
You feel yourself slow down.
You see here a scroll labeled TIRHOI YDDOOSUODI.
The dart slug launches a dart at you. The slug dart misses you.
You feel sick.
You are no longer poisoned.
The adder bites you.
* * * LOW HITPOINT WARNING * * *
You are lethally poisoned!
The adder poisons you!
* * * LOW HITPOINT WARNING * * *
You feel sick.
* * * LOW HITPOINT WARNING * * *
You feel sick. The adder bites you.
You die...

##.######
##...##...
###.#.#.#.#
#...g.##..#
#.#.###.#S#
#g##.#.##.# #####
#...#.# #.#
#...####.....# #S#
#.@S..g..###.###.##
#...####.# #.......
##.## #.###.####.#
#.# #.....####.#
#.######...#......
#.##.....#...###.#
#.##.###.....# #.#
#.#...###.#..# #.#
#.)....##.#..# #.#


You could see an adder and a hobgoblin.

Vanquished Creatures
  A worker ant (D:2)
  2 adders (D:2)
  A dart slug (D:1)
  A giant cockroach (D:2)
  5 goblins
  2 hobgoblins (D:2)
  3 kobolds
  4 bats
  A frilled lizard (D:1)
  A rat (D:1)
21 creatures vanquished.

Notes
Turn   | Place    | Note
-------+----------+-------------------------------------------
     0 | D:1      | AgrsvlyMoist the Spriggan Assassin began the quest for the Orb.
     0 | D:1      | Reached XP level 1. HP: 10/10 MP: 2/2
   150 | D:1      | Reached skill level 6 in Stealth
   220 | D:1      | Reached XP level 2. HP: 14/14 MP: 3/3
   564 | D:1      | Found a sacrificial altar of Ru.
   759 | D:2      | Reached XP level 3. HP: 18/18 MP: 4/4
  1337 | D:2      | Reached skill level 7 in Stealth
  1507 | D:2      | Slain by an adder

Skill      XL: |  1  2  3 |
---------------+----------+-----
Stealth        | 6 7 |  7.0
Short Blades   | 3 |  3.6
Fighting       | |  1.5
Throwing       | |  2.3
Dodging        | |  1.5

Action                   || total
-------------------------++-------
Melee: Dagger            ||    74
Throw: Throwing net      ||     4
  Use: Scroll            ||     1
       Potion            ||     1
 Stab: Sleeping          ||     9
       Held in net/web   ||     1
Armor: Robe              ||     9
Dodge: Dodged            ||    46
